TOP OF THE 1ST |
Los Angeles (NYP) Dodgers batting - Pitching for Batavia Muckdogs : LHP Byron Copeland
|
Pitching: LHP Byron Copeland
|
|
Batting: LHB Nate Kee
|
0-0: Ball 1-0: Fly out, F7 (Flyball, 78M, EV 88.1 MPH)
|
Batting: RHB Justin Curran
|
0-0: Ball 1-0: Ground out 6-3 (Groundball, 6, EV 86.9 MPH)
|
Batting: RHB Mike Dodson
|
0-0: Ball 1-0: Ball 2-0: Foul Ball, location: 2F 2-1: Ball 3-1: Called Strike 3-2: Base on Balls
|
Batting: SHB Rich Rubio
|
0-0: Ball 1-0: Ball 2-0: Ground out 4-3 (Groundball, 4, EV 80.6 MPH)
|
Top of the 1st over - 0 runs, 0 hits, 0 errors, 1 left on base; Los Angeles (NYP) 0 - Batavia 0 |
BOTTOM OF THE 1ST |
Batavia Muckdogs batting - Pitching for Los Angeles (NYP) Dodgers : RHP Jean-Michel Hamon
|
Pitching: RHP Jean-Michel Hamon
|
|
Batting: RHB Tom Thompson
|
0-0: Swinging Strike 0-1: Swinging Strike 0-2: Strikes out swinging
|
Batting: LHB David Doge
|
0-0: Swinging Strike 0-1: Called Strike 0-2: Ball 1-2: Ball 2-2: DOUBLE (Flyball, 8LD, EV 96.9 MPH)
|
Batting: RHB Tony Stedman
|
0-0: Called Strike David Doge steals 3rd base 0-1: Swinging Strike 0-2: Ball 1-2: Ground out 5-3 (Groundball, 5, EV 102.5 MPH)
|
Batting: RHB Len Graham
|
0-0: Foul Ball, location: 2F 0-1: Called Strike 0-2: 2-RUN HOME RUN (Line Drive, 89XD, EV 103.1 MPH), Distance : 392 ft
|
Batting: RHB Jim Fisher
|
0-0: Fly out, F4 (Flyball, 34D, EV 91.9 MPH)
|
Bottom of the 1st over - 2 runs, 2 hits, 0 errors, 0 left on base; Los Angeles (NYP) 0 - Batavia 2 |
TOP OF THE 2ND |
Los Angeles (NYP) Dodgers batting - Pitching for Batavia Muckdogs : LHP Byron Copeland
|
Batting: RHB Gary Ming
|
0-0: Ball 1-0: Foul Ball, location: 2F 1-1: Reached on error, E4 (Groundball, 4M, EV 82.5 MPH)
|
Batting: RHB David Watkins
|
0-0: Ball Wild Pitch! Gary Ming to second 1-0: Foul Ball, location: 2F 1-1: Ground out 6-3 (Groundball, 6, EV 88.1 MPH)
|
Batting: RHB Mike Kaczor
|
0-0: Called Strike 0-1: Swinging Strike 0-2: Strikes out looking
|
Batting: RHB Joe Bower
|
0-0: Ball 1-0: Called Strike 1-1: Called Strike 1-2: Ball 2-2: SINGLE (Groundball, 34D, EV 106.2 MPH) Gary Ming to third Runner from 3rd tries for Home, SAFE, throw by RF to home Joe Bower to second
|
Batting: SHB Josh Vaill
|
0-0: Called Strike 0-1: Ball 1-1: Ground out 6-3 (Groundball, 6, EV 86.2 MPH)
|
Top of the 2nd over - 1 run, 1 hit, 1 error, 1 left on base; Los Angeles (NYP) 1 - Batavia 2 |
BOTTOM OF THE 2ND |
Batavia Muckdogs batting - Pitching for Los Angeles (NYP) Dodgers : RHP Jean-Michel Hamon
|
Batting: RHB Andy Kelly
|
0-0: Called Strike 0-1: Swinging Strike 0-2: Strikes out swinging
|
Batting: RHB J.D. Vander Klok
|
0-0: Called Strike 0-1: Called Strike 0-2: Foul Ball, location: 2F 0-2: SINGLE (Groundball, 34D, EV 99.4 MPH)
|
Batting: SHB Yoo-chul Jung
|
0-0: Ball 1-0: Called Strike 1-1: Called Strike 1-2: Foul Ball, location: 2F 1-2: Hit by Pitch J.D. Vander Klok to second
|
Batting: RHB Jeremy Dennis
|
0-0: Ball 1-0: Ball 2-0: Ball 3-0: Called Strike 3-1: Called Strike 3-2: Strikes out swinging
|
Batting: RHB Tom Thompson
|
0-0: Ball 1-0: Ball 2-0: Called Strike 2-1: Foul Ball, location: 2F 2-2: Ball 3-2: Foul Ball, location: 2F 3-2: DOUBLE (Line Drive, 5D, EV 98.1 MPH) J.D. Vander Klok scores Yoo-chul Jung to third Yoo-chul Jung scores
|
Batting: LHB David Doge
|
0-0: Called Strike 0-1: Ball 1-1: Ball 2-1: Ball 3-1: Base on Balls
|
Batting: RHB Tony Stedman
|
0-0: Ball 1-0: Ball 2-0: Ball 3-0: Called Strike 3-1: Foul Ball, location: 2F 3-2: SINGLE (Line Drive, 7S, EV 99.4 MPH) Tom Thompson to third David Doge to second Tom Thompson scores David Doge to third
|
Pitching: RHP Luis Alvarez
|
|
Batting: RHB Len Graham
|
0-0: Ball 1-0: Swinging Strike 1-1: SINGLE (Line Drive, 8RS, EV 95.6 MPH) David Doge scores Tony Stedman to second Runner from 2nd tries for 3rd, SAFE, throw by CF made to third
|
Batting: RHB Jim Fisher
|
0-0: Ground out 4-3 (Groundball, 4, EV 83.8 MPH)
|
Bottom of the 2nd over - 4 runs, 4 hits, 0 errors, 2 left on base; Los Angeles (NYP) 1 - Batavia 6 |
TOP OF THE 3RD |
Los Angeles (NYP) Dodgers batting - Pitching for Batavia Muckdogs : LHP Byron Copeland
|
Batting: LHB Nate Kee
|
0-0: Ball 1-0: Swinging Strike 1-1: Ball 2-1: Swinging Strike 2-2: Foul Ball, location: 2F 2-2: Ball 3-2: Foul Ball, location: 2F 3-2: Foul Ball, location: 2F 3-2: Ground out 4-3 (Groundball, 4, EV 89.4 MPH)
|
Batting: RHB Justin Curran
|
0-0: Called Strike 0-1: Ball 1-1: Foul Ball, location: 2F 1-2: Strikes out looking
|
Batting: RHB Mike Dodson
|
0-0: Called Strike 0-1: Ball 1-1: Foul Ball, location: 2F 1-2: Ball 2-2: Strikes out looking
|
Top of the 3rd over - 0 runs, 0 hits, 0 errors, 0 left on base; Los Angeles (NYP) 1 - Batavia 6 |
BOTTOM OF THE 3RD |
Batavia Muckdogs batting - Pitching for Los Angeles (NYP) Dodgers : RHP Luis Alvarez
|
Batting: RHB Andy Kelly
|
0-0: Called Strike 0-1: Foul Ball, location: 2F 0-2: Foul Ball, location: 2F 0-2: Ball 1-2: Ball 2-2: Ground out 6-3 (Groundball, 6, EV 82.5 MPH)
|
Batting: RHB J.D. Vander Klok
|
0-0: SINGLE (Flyball, 8LS, EV 92.5 MPH)
|
Batting: SHB Yoo-chul Jung
|
0-0: Called Strike 0-1: Ball 1-1: Ball 2-1: Called Strike 2-2: Strikes out swinging
|
Batting: RHB Jeremy Dennis
|
0-0: Ball 1-0: Foul Ball, location: 2F 1-1: Swinging Strike 1-2: Strikes out looking
|
Bottom of the 3rd over - 0 runs, 1 hit, 0 errors, 1 left on base; Los Angeles (NYP) 1 - Batavia 6 |
TOP OF THE 4TH |
Los Angeles (NYP) Dodgers batting - Pitching for Batavia Muckdogs : LHP Byron Copeland
|
Batting: SHB Rich Rubio
|
0-0: Called Strike 0-1: Ball 1-1: Swinging Strike 1-2: Ball 2-2: Ball 3-2: Ground out 6-3 (Groundball, 6, EV 82.5 MPH)
|
Batting: RHB Gary Ming
|
0-0: Ball 1-0: Ball 2-0: Called Strike 2-1: Ball 3-1: Base on Balls
|
Batting: RHB David Watkins
|
0-0: Ball 1-0: Fielders Choice at 2nd, 4-6 (Groundball, 4, EV 81.2 MPH)
|
Batting: RHB Mike Kaczor
|
0-0: Swinging Strike 0-1: Ball 1-1: Swinging Strike 1-2: Strikes out looking
|
Top of the 4th over - 0 runs, 0 hits, 0 errors, 1 left on base; Los Angeles (NYP) 1 - Batavia 6 |
BOTTOM OF THE 4TH |
Batavia Muckdogs batting - Pitching for Los Angeles (NYP) Dodgers : RHP Luis Alvarez
|
Batting: RHB Tom Thompson
|
0-0: Called Strike 0-1: Ball 1-1: Ball 2-1: Swinging Strike 2-2: Ball 3-2: Ground out 6-3 (Groundball, 6, EV 91.9 MPH)
|
Batting: LHB David Doge
|
0-0: Called Strike 0-1: Swinging Strike 0-2: TRIPLE (Line Drive, 89XD, EV 112.5 MPH)
|
Batting: RHB Tony Stedman
|
0-0: Called Strike 0-1: Ground out 6-3 (Groundball, 6S, EV 79.4 MPH) David Doge scores
|
Batting: RHB Len Graham
|
0-0: SINGLE (Line Drive, 6D, EV 93.8 MPH)
|
Batting: RHB Jim Fisher
|
0-0: Called Strike 0-1: Ball 1-1: Ball 2-1: Ground out 4-3 (Groundball, 4, EV 103.1 MPH)
|
Bottom of the 4th over - 1 run, 2 hits, 0 errors, 1 left on base; Los Angeles (NYP) 1 - Batavia 7 |
TOP OF THE 5TH |
Los Angeles (NYP) Dodgers batting - Pitching for Batavia Muckdogs : LHP Byron Copeland
|
Batting: RHB Joe Bower
|
0-0: Ball 1-0: Ball 2-0: Ground out 6-3 (Groundball, 6, EV 76.2 MPH)
|
Batting: SHB Josh Vaill
|
0-0: Swinging Strike 0-1: Ball 1-1: SINGLE (Flyball, 56D, EV 100.0 MPH)
|
Batting: LHB Nate Kee
|
0-0: Ball 1-0: Fielders Choice at 2nd, U6 (Groundball, 4M, EV 110.0 MPH)
|
Batting: RHB Justin Curran
|
0-0: Swinging Strike 0-1: Called Strike 0-2: DOUBLE (Flyball, 89XD, EV 108.1 MPH) Nate Kee to third Nate Kee scores
|
Batting: RHB Mike Dodson
|
0-0: Ball 1-0: Ground out 4-3 (Groundball, 4S, EV 73.8 MPH)
|
Top of the 5th over - 1 run, 2 hits, 0 errors, 1 left on base; Los Angeles (NYP) 2 - Batavia 7 |
BOTTOM OF THE 5TH |
Batavia Muckdogs batting - Pitching for Los Angeles (NYP) Dodgers : RHP Luis Alvarez
|
Batting: RHB Andy Kelly
|
0-0: Called Strike 0-1: Swinging Strike 0-2: Ball 1-2: SINGLE (Groundball, 6D, EV 108.8 MPH)
|
Batting: RHB J.D. Vander Klok
|
0-0: Ball 1-0: Called Strike 1-1: Ball Andy Kelly steals 2nd base 2-1: DOUBLE (Groundball, 5L, EV 108.1 MPH) Andy Kelly scores
|
Batting: SHB Yoo-chul Jung
|
0-0: Ball 1-0: Swinging Strike 1-1: Foul Ball, location: 2F 1-2: Ball 2-2: Foul Ball, location: 2F 2-2: Strikes out swinging
|
Batting: RHB Jeremy Dennis
|
0-0: Called Strike 0-1: Called Strike 0-2: Foul Ball, location: 2F 0-2: Foul Ball, location: 2F 0-2: DOUBLE (Line Drive, 9LM, EV 112.5 MPH) J.D. Vander Klok scores
|
Batting: RHB Tom Thompson
|
0-0: Foul Ball, location: 2F 0-1: Ball 1-1: Ball 2-1: Swinging Strike 2-2: Ground out 1-3 (Groundball, 13S, EV 73.8 MPH) Jeremy Dennis to third
|
Batting: LHB David Doge
|
0-0: Foul Ball, location: 2F 0-1: Ball 1-1: Called Strike 1-2: Strikes out looking
|
Bottom of the 5th over - 2 runs, 3 hits, 0 errors, 1 left on base; Los Angeles (NYP) 2 - Batavia 9 |
TOP OF THE 6TH |
Los Angeles (NYP) Dodgers batting - Pitching for Batavia Muckdogs : LHP Byron Copeland
|
Batting: SHB Rich Rubio
|
0-0: Ball 1-0: Called Strike 1-1: Foul Ball, location: 2F 1-2: Foul Ball, location: 2F 1-2: Strikes out swinging
|
Batting: RHB Gary Ming
|
0-0: Ball 1-0: DOUBLE (Line Drive, 9LD, EV 105.0 MPH)
|
Batting: RHB David Watkins
|
0-0: Foul Ball, location: 2F 0-1: Ball 1-1: Fly out, F9 (Flyball, 9S, EV 90.6 MPH)
|
Batting: RHB Mike Kaczor
|
0-0: Ball 1-0: Called Strike 1-1: Ground out 4-3 (Groundball, 4, EV 103.1 MPH)
|
Top of the 6th over - 0 runs, 1 hit, 0 errors, 1 left on base; Los Angeles (NYP) 2 - Batavia 9 |
BOTTOM OF THE 6TH |
Batavia Muckdogs batting - Pitching for Los Angeles (NYP) Dodgers : RHP Luis Alvarez
|
Pitching: RHP Alan Shanahan
|
|
Batting: RHB Tony Stedman
|
0-0: Swinging Strike 0-1: Ground out U3 (Groundball, 3, EV 86.2 MPH)
|
Batting: RHB Len Graham
|
0-0: Ground out 4-3 (Groundball, 4, EV 107.5 MPH)
|
Batting: RHB Jim Fisher
|
0-0: Ball 1-0: Ground out 6-3 (Groundball, 6, EV 86.2 MPH)
|
Bottom of the 6th over - 0 runs, 0 hits, 0 errors, 0 left on base; Los Angeles (NYP) 2 - Batavia 9 |
TOP OF THE 7TH |
Los Angeles (NYP) Dodgers batting - Pitching for Batavia Muckdogs : LHP Byron Copeland
|
Batting: RHB Joe Bower
|
0-0: Ball 1-0: Ball 2-0: Ground out 4-3 (Groundball, 4, EV 103.8 MPH)
|
Batting: SHB Josh Vaill
|
0-0: Called Strike 0-1: Ball 1-1: Ball 2-1: Called Strike 2-2: Strikes out looking
|
Batting: LHB Nate Kee
|
0-0: Called Strike 0-1: Ground out 6-3 (Groundball, 6MD, EV 106.9 MPH)
|
Top of the 7th over - 0 runs, 0 hits, 0 errors, 0 left on base; Los Angeles (NYP) 2 - Batavia 9 |
BOTTOM OF THE 7TH |
Batavia Muckdogs batting - Pitching for Los Angeles (NYP) Dodgers : RHP Alan Shanahan
|
Batting: RHB Andy Kelly
|
0-0: Called Strike 0-1: Ball 1-1: Ball 2-1: Foul Ball, location: 2F 2-2: Strikes out swinging
|
Pinch Hitting: LHB Matt McKeon
|
0-0: Called Strike 0-1: Foul Ball, location: 2F 0-2: SINGLE (Groundball, 15S, EV 71.9 MPH) (infield hit)
|
Batting: SHB Yoo-chul Jung
|
0-0: Ball 1-0: Foul Ball, location: 2F 1-1: Ball 2-1: Ball 3-1: Fielders Choice at 2nd, 1-6 (Groundball, 34S, EV 69.4 MPH)
|
Batting: RHB Jeremy Dennis
|
0-0: Fielders Choice at 2nd, 6-4 (Groundball, 6, EV 84.4 MPH)
|
Bottom of the 7th over - 0 runs, 1 hit, 0 errors, 1 left on base; Los Angeles (NYP) 2 - Batavia 9 |
TOP OF THE 8TH |
Los Angeles (NYP) Dodgers batting - Pitching for Batavia Muckdogs : LHP Byron Copeland
|
Now in CF: David Doge
|
|
Now in RF: Matt McKeon
|
|
Batting: RHB Justin Curran
|
0-0: Ball 1-0: Foul Ball, location: 2F 1-1: Called Strike 1-2: Foul Ball, location: 2F 1-2: Strikes out swinging
|
Pitching: RHP Mike Yorke
|
|
Batting: RHB Mike Dodson
|
0-0: Called Strike 0-1: Ball 1-1: Ball 2-1: Ball 3-1: Base on Balls
|
Batting: SHB Rich Rubio
|
0-0: Ball 1-0: Ball 2-0: Ball 3-0: Base on Balls Mike Dodson to second
|
Batting: RHB Gary Ming
|
0-0: Ball 1-0: Ball 2-0: Ball 3-0: Called Strike 3-1: Foul Ball, location: 2F 3-2: Fly out, F9 (Flyball, 9, EV 83.1 MPH)
|
Pinch Hitting: LHB Stephen Van Raalte
|
0-0: Ball 1-0: Ball 2-0: Called Strike 2-1: Ball 3-1: Fly out, F9 (Line Drive, 9, EV 91.9 MPH)
|
Top of the 8th over - 0 runs, 0 hits, 0 errors, 2 left on base; Los Angeles (NYP) 2 - Batavia 9 |
BOTTOM OF THE 8TH |
Batavia Muckdogs batting - Pitching for Los Angeles (NYP) Dodgers : RHP Alan Shanahan
|
Now at 1B: Rich Rubio
|
|
Now in CF: Stephen Van Raalte
|
|
Batting: RHB Tom Thompson
|
0-0: Called Strike 0-1: Ball 1-1: Foul Ball, location: 2F 1-2: Foul Ball, location: 2F 1-2: Strikes out swinging
|
Batting: LHB David Doge
|
0-0: Ground out U3 (Groundball, 34S, EV 95.6 MPH)
|
Batting: RHB Tony Stedman
|
0-0: Swinging Strike 0-1: Ground out 5-3 (Groundball, 56, EV 76.2 MPH)
|
Bottom of the 8th over - 0 runs, 0 hits, 0 errors, 0 left on base; Los Angeles (NYP) 2 - Batavia 9 |
TOP OF THE 9TH |
Los Angeles (NYP) Dodgers batting - Pitching for Batavia Muckdogs : RHP Mike Yorke
|
Pitching: RHP Aidan Mitchell
|
|
Pinch Hitting: RHB Ruben Irizarry
|
0-0: Called Strike 0-1: SINGLE (Groundball, 4MD, EV 98.1 MPH)
|
Batting: RHB Joe Bower
|
0-0: Fielders Choice at 2nd, 5-4 (Groundball, 56S, EV 78.1 MPH)
|
Batting: SHB Josh Vaill
|
0-0: Ball 1-0: Fly out, F1 (Line Drive, P, EV 71.2 MPH) Lined into DP, 1-3 (Line Drive, P, EV 71.2 MPH)
|
Top of the 9th over - 0 runs, 1 hit, 0 errors, 0 left on base; Los Angeles (NYP) 2 - Batavia 9 |
|